 Dungeon Crawl Stone Soup version 0.29.0-4-gdea44cf6ec (webtiles) character file.

Game seed: 9993827198282835511

2 qw the Sneak (level 1, 0/14 HPs)
             Began as a Gargoyle Delver on Sept 10, 2022.
             Slain by a black bear (4 damage)
             ... on level 4 of the Dungeon.
             The game lasted 00:00:05 (163 turns).

qw the Sneak (Gargoyle Delver)                       Turns: 163, Time: 00:00:05

Health: 0/14       AC:  5    Str: 15    XL:     1   Next: 40%
Magic:  1/1        EV: 11    Int: 10    God:
Gold:   15         SH:  0    Dex: 11    Spells: 0/0 levels left

rFire   . . .      SeeInvis .   a - +0 hand axe
rCold   . . .      Faith    .   (no shield)
rNeg    + . .      Spirit   .   b - +0 leather armour
rPois   inf        Reflect  .   (no helmet)
rElec   +          Harm     .   (no cloak)
rCorr   .          Rampage  .   (no gloves)
Will    .....                   (no boots)
Stlth   +++.......              (no amulet)
HPRegen 0.04/turn               (no ring)
MPRegen 0.07/turn               (no ring)

@: no status effects
A: sickness immunity, AC +2, negative energy resistance 1, electricity
resistance, torment resistance 1, petrification resistance
a: no special abilities


You were on level 4 of the Dungeon.
You visited 1 branch of the dungeon, and saw 2 of its levels.

You collected 15 gold pieces.


Innate Abilities, Weirdness & Mutations

You are immune to sickness and miasma.
Your stone body is resilient. (AC +2)
You are immune to poison.
You resist negative energy. (rN+)
You are resistant to electric shocks. (rElec)
You are resistant to unholy torment.
You are immune to petrification.


   Skills:
 - Level 3.2 Fighting
 + Level 2.0 Axes
 - Level 1.5 Dodging
 - Level 5.4 Stealth


You couldn't memorise any spells.
You didn't know any spells.
Your spell library was empty.

Inventory:

Hand Weapons
 a - a +0 hand axe (weapon)
Armour
 b - a +0 leather armour (worn)
Wands
 g - a wand of digging (3)
Potions
 f - a potion of haste
 h - a potion of curing {unknown}

Dungeon Overview and Level Annotations

Branches:
Dungeon (5/15)
 Temple: D:4-7

Altars:


Message History

The goblin is heavily wounded.
The goblin hits you but does no damage.
You barely miss the goblin.
The goblin is heavily wounded.
The goblin hits you with a +0 dagger. The goblin misses you.
You hit the goblin.
You kill the goblin!
You start resting.
HP restored.
Things that are here:
a +0 dagger; a goblin corpse A kobold comes into view.
It is wielding a +1 vampiric short sword.
Found a dagger.
The kobold shouts!
You hit the kobold.
You kill the kobold!
Your Axes skill increases to level 2!
Found 15 gold pieces.
You see here a +1 vampiric short sword.
You now have 15 gold pieces.
A black bear comes into view.
You hit the black bear.
The black bear is lightly wounded.
The black bear bites you but does no damage.
The black bear closely misses you. The black bear claws you.
You hit the black bear.
The black bear is moderately wounded.
The black bear bites you but does no damage.
The black bear claws you but does no damage.
The black bear claws you.
You hit the black bear but do no damage.
The black bear is moderately wounded.
The black bear bites you but does no damage.
The black bear claws you. The black bear closely misses you.
The black bear bites you.
The black bear claws you but does no damage. x2
You hit the black bear but do no damage.
The black bear is moderately wounded.
The black bear bites you.
You die...

#. #. #.##
#..######## .#
##........# #.#
#.........# #.#
#.........## #.##
#..........## #...
#@.....###..# #...
#h.......)#.###...
#)........#.......
#[.)......####.)..
..###......# ##>..
##. #......# #...
#. ######## #...
#. #... ####


You could see a black bear.

Vanquished Creatures
  A goblin (D:4)
  A kobold (D:4)
2 creatures vanquished.

Vanquished Creatures (others)
  A plant (D:4)
1 creature vanquished.

Grand Total: 3 creatures vanquished

Notes
Turn   | Place    | Note
-------+----------+-------------------------------------------
     0 | D:5      | qw the Gargoyle Delver began the quest for the Orb.
     0 | D:5      | Reached XP level 1. HP: 14/14 MP: 1/1
     0 | D:5      | 0 ||| qw: Version: 0.1-a-117-gfe26ee0
     0 | D:5      | 0 ||| qw: Game counter: 9822
     0 | D:5      | 0 ||| qw: Always use a shield: true
     0 | D:5      | 0 ||| qw: God list: Okawaru
     0 | D:5      | 0 ||| qw: Allow faded altars: false
     0 | D:5      | 0 ||| qw: Do Orc after D:15 true
     0 | D:5      | 0 ||| qw: Do second Lair branch before Depths: true
     0 | D:5      | 0 ||| qw: Lair rune preference: random
     0 | D:5      | 0 ||| qw: Plans: Normal
     0 | D:5      | 0 ||| PLANNING D:1-11
    28 | D:5      | 28 ||| DROPPING scroll of fog.
    29 | D:5      | 29 ||| DROPPING scroll of magic mapping.
    30 | D:5      | 30 ||| DROPPING scroll of fear.
   150 | D:4      | Noticed a black bear
   163 | D:4      | Slain by a black bear

Levels and vault maps discovered:
D:4:      layout_basic, minmay_temple_entry_statues_pillars, serial_bayou_pond_c
D:5:      layout_basic, jmf_multi_god_temple, nicolae_ru_the_path_less_chosen,
          serial_curves, eino_curves_01, eino_curves_04, eino_curves_03

Skill      XL: |  1 |
---------------+----+-----
Axes           | 2 |  2.0
Fighting       | |  3.2
Dodging        | |  1.5
Stealth        | |  5.4

Action                   || total
-------------------------++-------
Melee: Hand axe          ||    11
Armor: Leather armour    ||     7
Dodge: Dodged            ||     5

Table legend:
 A = Non-vault XP
 B = Vault XP
 C = Vault XP percentage of total XP
 D = Non-vault monster count
 E = Vault monster count
 F = Vault count percentage of total count
                 A         B        C        D         E       F
            +---------+---------+-------+---------+---------+-------
      Total |       4 |       0 |   0.0 |       2 |       0 |   0.0
            +---------+---------+-------+---------+---------+-------
        D:4 |       4 |       0 |   0.0 |       2 |       0 |   0.0
            +---------+---------+-------+---------+---------+-------
